 Dungeon Crawl Stone Soup version 0.30-a0-852-g08b95dd62f (webtiles) character file.

Game seed: 13086699863477283553

344 jimonade the Magician (level 6, 0/45 HPs)
             Began as a Djinni Warper on Mar 4, 2023.
             Slain by a gnoll sergeant
             ... wielding a +0 spear
              (3 damage)
             ... on level 4 of the Dungeon on Mar 5, 2023.
             The game lasted 00:10:13 (4193 turns).

jimonade the Magician (Djinni Warper)               Turns: 4193, Time: 00:10:14

Health: 0/45       AC:  7    Str: 12    XL:     6   Next: 89%
Gold:   239        EV: 11    Int: 15    God:
                   SH:  0    Dex: 12

rFire   + + .      SeeInvis .    a - +4 mace
rCold   x . .      Faith    .    (no shield)
rNeg    . . .      Spirit   .    l - +0 ring mail
rPois   ∞          Reflect  .    (no helmet)
rElec   .          Rampage  .    (no cloak)
rCorr   .                        m - +1 pair of gloves
Will    .....                    (boots unavailable)
Stlth   +                        (no amulet)
HPRegen 0.27/turn                (no ring)
MPRegen 0.00/turn                (no ring)

@: flying
A: sickness immunity, fire resistance 2, cold vulnerability 1, float, innate
caster, HP casting, extra vitality 1
a: no special abilities


You were on level 4 of the Dungeon.
You visited 1 branch of the dungeon, and saw 5 of its levels.

You collected 239 gold pieces.

Inventory:

Hand Weapons
 a - a +4 mace (weapon)
 b - a +1 dagger of venom
 e - a +0 short sword
 i - a +0 rapier
 t - a +0 whip of freezing
 u - a +4 war axe
 y - a +0 long sword of holy wrath
Missiles
 d - 9 boomerangs of dispersal
 f - 2 poisoned darts
 j - a boomerang
 r - 37 stones
Armour
 g - a +0 leather armour
 l - a +0 ring mail (worn)
 m - a +1 pair of gloves (worn)
 A - a +0 chain mail
Wands
 x - a wand of paralysis (11) (quivered)
Scrolls
 c - 2 scrolls of blinking
 h - a scroll of fog
 z - 3 scrolls of identify
Potions
 k - a potion of magic {unknown}
 n - a potion of mutation {unknown}
 o - 2 potions of might
 p - a potion of lignification {unknown}
 q - 2 potions of ambrosia {unknown}
 s - 3 potions of curing {unknown}
 w - a potion of attraction {unknown}


   Skills:
 + Level 2.5 Fighting
 + Level 1.8 Short Blades
 + Level 3.2 Maces & Flails
 + Level 0.9 Throwing
 + Level 2.5 Armour
 + Level 2.9 Dodging
 + Level 0.6 Stealth
 * Level 3.3 Spellcasting
 + Level 0.1 Evocations


You knew the following spells:

 Your Spells              Type           Power      Damage    Failure   Level
a - Blink                 Tloc           24%        N/A       16%         2
b - Lesser Beckoning      Tloc           24%        N/A       16%         2
c - Vhi's Electric Charg  Tloc/Air       24%        N/A       32%         3
d - Teleport Other        Tloc           12%        N/A       32%         3
e - Manifold Assault      Tloc           12%        N/A       71%         4
f - Apportation           Tloc           24%        N/A       11%         1
g - Ensorcelled Hibernat  Hex/Ice        24%        N/A       16%         2
Your spell library was empty.

Dungeon Overview and Level Annotations

Branches:
Dungeon (5/15)
 Temple: D:4-7

Altars:

Annotations:
D:3 Sigmund


Innate Abilities, Weirdness & Mutations

You are immune to sickness and miasma.
You are immune to poison.
Your flesh is very heat resistant. (rF++)
You are vulnerable to cold. (rC-)
You float through the air rather than walking.
You learn spells naturally, not from books.
Your magical power is your life essence.
You have superior vitality. (+4 MHP)


Message History

You start resting.
Your magical contamination has completely faded away.
There is a stone staircase leading down here.
You start resting.
HP restored.
You fly downwards.
There is a stone staircase leading up here.
The gnoll sergeant shouts!
There is a stone staircase leading up here.
The gnoll sergeant hits you with a +0 spear!
There is a stone staircase leading up here.
The gnoll sergeant closely misses you.
You fly upwards.
There is a stone staircase leading down here.
You hit the gnoll sergeant.
The gnoll sergeant is lightly wounded.
The gnoll sergeant hits you with a +0 spear.
You sock the gnoll sergeant!
The gnoll sergeant is heavily wounded.
The gnoll sergeant hits you with a +0 spear!
You are too injured to fight recklessly!
You are too injured to fight recklessly!
You are too injured to fight recklessly!
You hit the gnoll sergeant.
The gnoll sergeant is severely wounded.
The gnoll sergeant hits you but does no damage.
The gnoll sergeant hits you with a +0 spear.
* * * LOW HITPOINT WARNING * * *
You hit the gnoll sergeant.
The gnoll sergeant is severely wounded.
The gnoll sergeant hits you with a +0 spear!
* * * LOW HITPOINT WARNING * * *
You closely miss the gnoll sergeant.
The gnoll sergeant is severely wounded.
The gnoll sergeant hits you with a +0 spear.
* * * LOW HITPOINT WARNING * * *
You hit the gnoll sergeant but do no damage.
The gnoll sergeant is severely wounded.
The gnoll sergeant hits you with a +0 spear.
You die...

####...#
#.....##.##.#>########..
##.....#
#.....##.##.#.##........
##.#...#
#........##.............
......##
#.....#######.##.......† ##.####
#.....# #...########.. #.##
####### #.### #.. #..######
########.# #####.. #.......#
##..g...#.# #...#.. #.......#
#....@..#.# #......
#.......###..####.#.######...#..
#..............##.#.#...........
#.......###..#......#.####...###
#.......# #..####.###.#......#..
#.......# #.............#......#
######### #........##.#.........
########.##...........
#)##....##.....


You could see a gnoll sergeant.

Vanquished Creatures
  2 ogres
  A jelly (D:5)
  An orc wizard (D:4)
  2 gnolls
  2 adders (D:5)
  An ufetubus (D:2)
  3 dart slugs
  5 orcs
  4 endoplasms
  2 giant cockroaches
  7 goblins
  14 hobgoblins
  A quokka (D:4)
  6 ball pythons
  4 bats
  5 frilled lizards
  10 kobolds
  4 rats
74 creatures vanquished.

Notes
Turn   | Place    | Note
-------+----------+-------------------------------------------
     0 | D:1      | jimonade the Djinni Warper began the quest for the Orb.
     0 | D:1      | jimonade set off with the following spells memorised:
                  | Blink, Lesser Beckoning, Vhi's Electric Charge, Teleport
                  | Other, Manifold Assault.
     0 | D:1      | Reached XP level 1. HP: 18/18 MP: 0/0
   266 | D:1      | Reached XP level 2. HP: 23/23 MP: 0/0
   595 | D:1      | Reached XP level 3. HP: 28/28 MP: 0/0
   595 | D:1      | Learned a level 1 spell: Apportation
   820 | D:2      | Reached skill level 1 in Maces & Flails
  1313 | D:2      | Reached XP level 4. HP: 27/33 MP: 0/0
  1807 | D:3      | Noticed Sigmund
  2645 | D:4      | Reached XP level 5. HP: 29/38 MP: 0/0
  2645 | D:4      | Learned a level 2 spell: Ensorcelled Hibernation
  2841 | D:4      | Noticed an ogre
  2861 | D:4      | Killed an ogre
  3146 | D:4      | Reached XP level 6. HP: 20/45 MP: 0/0
  3618 | D:5      | Entered Level 5 of the Dungeon
  3903 | D:5      | Noticed an ogre
  3932 | D:5      | Killed an ogre
  4193 | D:4      | Slain by a gnoll sergeant

Illustrated notes

Levels and vault maps discovered:
D:1:      minmay_arrival_radiant_lines, layout_loops_ring
D:2:      minmay_chambers_of_ones, layout_loops_corners
D:3:      layout_basic, chequers_hall_statues_y, reono_crystal_passage,
          amcnicky_mini_pool_small, grunt_ministairs_3, uniq_sigmund
D:4:      layout_loops_cross, minmay_cupped
D:5:      layout_basic, minmay_temple_entry_nine_rooms, bh_walls_and_bars

Skill      XL: |  1  2  3  4  5  6 |
---------------+-------------------+-----
Maces & Flails | 1 2 3 |  3.2
Spellcasting   | 3 |  3.3
Armour         | 2 |  2.5
Fighting       | |  2.5
Short Blades   | |  1.8
Throwing       | |  0.9
Dodging        | |  2.9
Stealth        | |  0.6
Evocations     | |  0.1

Action                     |  1- 3 |  4- 6 || total
---------------------------+-------+-------++-------
  Melee: Mace              |    79 |   125 ||   204
         Punch             |       |     1 ||     1
  Throw: Dart              |       |     4 ||     4
   Cast: Ensorcelled Hiber |       |     6 ||     6
  Evoke: Wand              |       |     3 ||     3
    Use: Scroll            |       |     6 ||     6
   Stab: Paralysed         |       |     3 ||     3
 Armour: Ring mail         |    32 |    50 ||    82
         Leather armour    |     1 |       ||     1
  Dodge: Dodged            |    47 |    78 ||   125

Table legend: (Time is in decaauts)
 A = Elapsed time spent in this place.
 B = Non-inter-level travel time spent in this place.
 C = Inter-level travel time spent in this place.
 D = Time resting spent in this place.
 E = Time spent auto-exploring this place.
 F = Levels seen in this place.
 G = Mean time per level.
                   A        B        C        D        E       F      G
               +--------+--------+--------+--------+--------+-----+--------+
         Total |   4261 |   4052 |    209 |    437 |   2086 |   5 |  852.2 |
       Dungeon |   4261 |   4052 |    209 |    437 |   2086 |   5 |  852.2 |
               +--------+--------+--------+--------+--------+-----+--------+

Top non-repeatable levels by time:
     D:2: 1115 daAuts
     D:3: 950 daAuts
     D:4: 950 daAuts
     D:1: 738 daAuts
     D:5: 506 daAuts
